Map: Cyber Forest LE

Players

CaptianThorn - Winner!

  • Race: Protoss Protoss
  • League: Platinum
  • Spawn Location: 11:00

VoidZero

  • Race: Terran Terran
  • League: Diamond
  • Spawn Location: 5:00

VOD

Have the link to the VOD?

Description

Not building stuff... Is this public?

Time

  • Played on: March 28, 2019, 5:27 p.m.
  • Length: 11:15
Show
View Real Time Build Order
Export as new Build Order

CaptianThorn Protoss - Winner!

Build Orders: 1 Gate Expand, Colossus Rush 

Get SALT Encoding   

  12  0:02  Probe  
  13  0:14  Probe  
  13  0:21  Pylon  
  14  0:26  Probe  
  15  0:36  Probe  
  15  0:39  Gateway  
  16  0:44  Probe  
  16  0:49  Assimilator  
  17  0:53  Probe  
  18  1:05  Probe  
  19  1:17  Probe  
  20  1:30  Nexus  
  20  1:42  Probe  
  20  1:46  Cybernetics Core  
  21  1:54  Probe, Assimilator  
  21  2:03  Pylon  
  21  2:06  Probe  
  22  2:12  Adept  
  24  2:23  Warp Gate  
  24  2:24  Probe  
  25  2:30  Robotics Facility  
  25  2:36  Probe  
  26  2:48  Probe  
  26  2:49  Adept  
  27  2:55  Probe  
  28  3:00  Probe  
  31  3:08  Probe  
  31  3:12  Probe  
  33  3:18  Observer  
  34  3:20  Probe  
  34  3:24  Probe, Robotics Bay  
  34  3:26  Gateway  
  36  3:29  Gateway  
  36  3:32  Probe  
  37  3:43  Probe  
  37  3:44  Sentry  
  40  3:55  Probe x2  
  42  4:07  Probe x2  
  44  4:19  Probe x2  
  46  4:35  Extended Thermal Lance  
  44  4:42  Probe x2  
  46  4:51  Gateway  
  46  4:55  Pylon  
  46  4:57  Pylon  
  46  5:01  Pylon  
  46  5:02  Colossus  
  46  5:04  Pylon  
  46  5:07  Forge  
  46  5:09  Forge, Assimilator  
  46  5:10  Assimilator  
  46  5:13  Probe x2  
  54  5:14  Nexus  
  54  5:16  Pylon  
  54  5:25  Stalker x3, Probe  
  61  5:37  Twilight Council  
  61  5:41  Protoss Ground Weapons Level 1  
  61  5:43  Protoss Ground Armor Level 1  
  61  5:45  Probe x2  
  63  5:56  Warp Prism  
  65  5:57  Probe  
  66  6:17  Blink  
  63  6:26  Stalker x3  
  63  6:27  Stalker  
  70  6:38  Observer, Probe x3  
  73  6:45  Colossus  
  79  6:50  Probe x2  
  79  6:52  Sentry  
  79  6:53  Zealot x3  
  89  6:55  Probe  
  90  7:02  Probe x2  
  92  7:28  Probe x3  
  95  7:36  Stalker x3  
  101  7:43  Pylon  
  101  7:45  Pylon  
  101  7:50  Robotics Facility  
  101  7:55  Protoss Ground Armor Level 2, Protoss Ground Weapons Level 2  
  101  7:56  Pylon  
  101  7:57  Assimilator  
  101  8:00  Pylon, Assimilator  
  101  8:01  Zealot, Probe x3  
  101  8:02  Sentry  
  101  8:03  Sentry  
  110  8:10  Pylon  
  109  8:14  Charge  
  109  8:23  Probe x2  
  109  8:24  Probe  
  112  8:35  Probe  
  112  8:36  Probe x2  
  112  8:37  Zealot x4  
  123  8:44  Gateway  
  123  8:45  Gateway  
  123  8:48  Gateway  
  123  8:54  Gateway  
  123  9:00  Stalker x3  
  123  9:01  Stalker  
  118  9:44  Stalker x2  
  118  9:45  Stalker x5  
  126  9:51  Colossus  
  128  9:58  Probe  
  128  9:59  Probe x2  
  137  10:08  Pylon  
  137  10:12  Pylon  
  137  10:15  Pylon  
  137  10:19  Pylon  
  137  10:26  Zealot x3  
  114  10:54  Stalker x2  
Show
View Real Time Build Order
Export as new Build Order

VoidZero Terran 

Build Orders: Reaper Expand 

Get SALT Encoding   

  12  0:01  SCV  
  13  0:13  SCV  
  14  0:18  Supply Depot  
  14  0:25  SCV  
  15  0:40  SCV  
  15  0:41  Barracks  
  16  0:47  Refinery  
  16  0:52  SCV  
  18  1:04  SCV  
  18  1:19  SCV  
  19  1:30  Reaper  
  19  1:31  Orbital Command  
  20  1:53  Command Center  
  20  2:04  Barracks Reactor  
  20  2:09  SCV  
  20  2:10  Supply Depot  
  21  2:21  SCV  
  22  2:26  Refinery  
  22  2:33  SCV  
  23  2:38  Factory  
  23  2:41  Marine x2  
  25  2:45  SCV  
  26  2:57  SCV  
  27  3:09  Bunker  
  27  3:10  Orbital Command, Supply Depot  
  27  3:11  Supply Depot  
  27  3:13  Supply Depot  
  27  3:15  SCV  
  28  3:25  Widow Mine  
  30  3:28  Starport  
  30  3:30  Marine  
  30  3:33  SCV  
  32  3:36  SCV  
  33  3:45  SCV  
  33  3:48  SCV  
  35  3:54  Factory Tech Lab  
  35  4:00  Marine x2, SCV x2  
  39  4:04  Medivac  
  39  4:07  Barracks  
  41  4:12  SCV x2  
  43  4:17  Siege Tank  
  47  4:24  SCV x2  
  48  4:36  SCV x2  
  50  4:43  Marine x2  
  54  4:46  Starport Reactor  
  54  4:48  SCV x2  
  54  4:51  Refinery  
  54  4:52  Refinery, Siege Tank  
  57  4:55  Barracks Tech Lab  
  57  4:56  Command Center  
  57  5:03  Barracks  
  57  5:14  SCV x2  
  59  5:26  SCV x2  
  61  5:31  Marine x2  
  61  5:32  Medivac x2, Siege Tank  
  70  5:48  Supply Depot  
  70  5:50  Supply Depot  
  70  5:53  Engineering Bay x2  
  70  5:55  Barracks Reactor  
  70  6:08  Marauder, SCV x2  
  74  6:18  Marine x2  
  67  6:20  SCV x2  
  69  6:27  Medivac x2, Siege Tank  
  69  6:32  SCV x2  
  80  6:33  Marauder  
  80  6:37  Supply Depot  
  80  6:39  Terran Infantry Weapons Level 1  
  79  6:44  SCV  
  79  6:46  Marine x3  
  82  6:47  Marine  
  82  6:50  Barracks  
  84  6:57  Barracks, Viking x2  
  84  6:58  Marauder  
  84  7:01  Command Center  
  90  7:06  Missile Turret  
  90  7:07  SCV x2  
  89  7:22  SCV  
  89  7:23  Planetary Fortress, SCV  
  90  7:41  Marine x3  
  90  7:42  Marauder  
  90  7:43  Medivac x2  
  99  7:45  SCV x2  
  99  7:46  Missile Turret  
  99  7:48  Missile Turret  
  99  7:50  Missile Turret  
  101  7:53  Barracks Tech Lab, Barracks Reactor  
  101  7:57  SCV  
  102  8:24  SCV x3  
  105  8:32  Marine x2  
  105  8:34  Medivac x2, Marine x2  
  111  8:35  Combat Shield  
  111  8:36  SCV x2  
  111  8:37  Stimpack, SCV  
  111  8:39  Marine  
  111  8:40  Siege Tank  
  120  8:50  Marine  
  119  9:15  Marine  
  119  9:16  Marine x3  
  123  9:25  Medivac  
  123  9:35  Medivac, Siege Tank  
  100  9:51  Marine x5  
  100  9:52  Planetary Fortress  
  103  9:53  SCV x2  
  103  9:58  Viking  
  101  10:00  Marine x3  
  101  10:01  Barracks  
  101  10:02  Concussive Shells  
  101  10:03  Starport x2  
  101  10:04  Starport  
  101  10:05  Viking  
  106  10:08  Marine  
  106  10:09  Supply Depot, Marine x4  
  106  10:13  Armory  
  111  10:15  Refinery  
  111  10:16  Refinery, Missile Turret, SCV  
  111  10:17  Missile Turret, SCV x2  
  111  10:18  Marine, Missile Turret x2  
  115  10:22  Marine x2  
  115  10:26  Marine  
  115  10:45  Marine  
  115  10:46  Marine x5  
  115  10:47  Marine x2  
Tags
 
Add a new tag
Caveats
  • Supply blocks, unpowered buildings, or Contaminate may cause inaccurate times.
  • Supply counts are checked every 10 seconds.